 Dungeon Crawl Stone Soup version 0.29-a0-82-g837932c90e (webtiles) character file.

Game seed: 2222767040780163490

329 polio18 the Chopper (level 6, -5/52 HPs)
             Began as a Minotaur Gladiator on Feb 4, 2022.
             Killed from afar by an orc wizard (11 damage)
             ... with a puff of flame
             ... on level 3 of the Dungeon.
             The game lasted 00:07:02 (2804 turns).

polio18 the Chopper (Minotaur Gladiator)            Turns: 2804, Time: 00:07:03

Health: -5/52      AC:  5    Str: 18    XL:     6   Next: 25%
Magic:  5/5        EV: 12    Int:  5    God:
Gold:   122        SH:  0    Dex: 14    Spells: 5/5 levels left

rFire   . . .      SeeInvis .   j - +0 great sword
rCold   . . .      Faith    .   (shield currently unavailable)
rNeg    . . .      Spirit   .   m - +0 ring mail
rPois   .          Reflect  .   c - +0 hat
rElec   .          Harm     .   (no cloak)
rCorr   .          Rampage  .   (no gloves)
Will    .....                   (no boots)
Stlth   ..........              (no amulet)
HPRegen 0.17/turn               (no ring)
MPRegen 0.09/turn               (no ring)

@: confused
A: horns 2, retaliatory headbutt
a: no special abilities


You were on level 3 of the Dungeon.
You visited 1 branch of the dungeon, and saw 3 of its levels.

You collected 122 gold pieces.

Inventory:

Hand Weapons
 a - a +0 war axe
 j - a +0 great sword (weapon)
Missiles
 d - 5 throwing nets (quivered)
Armour
 c - a +0 hat (worn)
 m - a +0 ring mail (worn)
Scrolls
 b - a scroll of enchant armour {unknown}
 f - 2 scrolls of identify {unknown}
 h - a scroll of teleportation {unknown}
Potions
 e - a potion of ambrosia {unknown}
 g - 3 potions of heal wounds {unknown}
 i - a potion of resistance {unknown}
 k - 2 potions of curing {unknown}
 l - a potion of attraction {unknown}


   Skills:
 + Level 3.8 Fighting
 + Level 3.9 Long Blades
 + Level 4.7 Axes
 + Level 2.1 Throwing
 + Level 3.1 Armour
 + Level 4.2 Dodging


You had 5 spell levels left.
You didn't know any spells.
Your spell library was empty.

Dungeon Overview and Level Annotations

Branches:
Dungeon (3/15)

Altars:
Qazlal
Trog


Innate Abilities, Weirdness & Mutations

You have a pair of horns on your head.
You reflexively headbutt those who attack you in melee.


Message History

The orc is moderately wounded.
The orc wizard gestures at you while chanting.
You are more confused.
The orc misses you. The orc barely misses you.
The orc wizard hits you with a +0 dagger.
The orc wizard hits you but does no damage.
The orc hits you with a +0 short sword. The orc hits you but does no damage.
You bump into the rock wall.
The orc wizard hits you but does no damage.
The orc wizard gestures at you while chanting.
You are more confused.
The orc hits you with a +0 short sword. The orc hits you with a +0 whip.
Unknown command.
You slash the orc wizard!
You kill the orc wizard!
The orc wizard misses you. The orc closely misses you.
The orc completely misses you.
Unknown command.
The orc wizard hits you with a +0 dagger.
The orc wizard hits you with a +0 dagger.
* * * LOW HITPOINT WARNING * * *
The orc hits you with a +0 short sword.
* * * LOW HITPOINT WARNING * * *
The orc barely misses you.
Things that are here:
a +0 dagger; a +0 robe You're too confused to move!
The orc wizard hits you but does no damage.
The orc hits you with a +0 short sword.
* * * LOW HITPOINT WARNING * * *
The orc hits you with a +0 whip.
* * * LOW HITPOINT WARNING * * *
The orc wizard closely misses you.
You slash the orc!
You kill the orc!
The orc wizard hits you with a +0 dagger.
* * * LOW HITPOINT WARNING * * *
The orc wizard points at you and mumbles some strange words.
The puff of flame hits you!
You die...

#.#######.# #.####.##.#
###### ........#.# #....#
#.####.##.###...>##########
#.###......................
#.##...P.PP).PP.P.._....PP.
#.##........†..............
#.#..#.##.###..oo##########
................@.......
#.####.##.###.....######
#.####.##...........
#....#.######.....##.#
####.#.########..... #
.....[..............
......#########.....
......# ....... ......#


You could see an orc wizard and an orc.

Vanquished Creatures
  A necrophage (D:3)
  Natasha (thrice) (D:2)
  2 orc wizards (D:3)
  2 adders (D:2)
  3 gnolls (D:2)
  3 dart slugs (D:1)
  2 worms (D:2)
  5 orcs (D:3)
  3 ball pythons
  A bat (D:2)
  5 endoplasms
  2 giant cockroaches (D:2)
  3 goblins
  5 hobgoblins
  5 kobolds
  5 quokkas
  3 frilled lizards
  4 rats
57 creatures vanquished.

Vanquished Creatures (others)
  8 plants (D:3)
8 creatures vanquished.

Grand Total: 65 creatures vanquished

Notes
Turn   | Place    | Note
-------+----------+-------------------------------------------
     0 | D:1      | polio18 the Minotaur Gladiator began the quest for the Orb.
     0 | D:1      | Reached XP level 1. HP: 18/18 MP: 0/0
   211 | D:1      | Reached XP level 2. HP: 16/25 MP: 1/1
   766 | D:1      | Found a faded altar of an unknown god.
   857 | D:2      | Reached XP level 3. HP: 28/30 MP: 2/2
  1052 | D:2      | Reached skill level 1 in Armour
  1265 | D:2      | Reached skill level 1 in Long Blades
  1265 | D:2      | Reached XP level 4. HP: 3/38 MP: 3/3
  1570 | D:2      | Noticed Natasha
  1572 | D:2      | Killed Natasha
  1675 | D:2      | Found a stormy altar of Qazlal.
  2281 | D:2      | Noticed Natasha
  2285 | D:2      | Killed Natasha
  2286 | D:2      | Reached XP level 5. HP: 43/45 MP: 4/4
  2322 | D:2      | Noticed Natasha
  2333 | D:2      | Killed Natasha
  2711 | D:3      | Noticed a necrophage
  2713 | D:3      | Killed a necrophage
  2714 | D:3      | Reached XP level 6. HP: 48/52 MP: 5/5
  2756 | D:3      | Found a bloodstained altar of Trog.
  2804 | D:3      | Killed from afar by an orc wizard

Illustrated notes

Levels and vault maps discovered:
D:1:      lightli_arrival_noodles, layout_basic,
          hellmonk_ecumenical_altar_run_dry
D:2:      layout_loops_ring, basic_altar, hangedman_decor_opposing, uniq_natasha
D:3:      layout_basic, mainiacjoe_overflow_24_doors,
          mainiacjoe_overflow_boulevard, uniq_crazy_yiuf_cottage

Skill      XL: |  1  2  3  4  5 |
---------------+----------------+-----
Axes           | 4 |  4.7
Armour         | 1 2 3 |  3.1
Fighting       | 3 |  3.8
Long Blades    | 1 2 3 |  3.9
Dodging        | 4 |  4.2
Throwing       | |  2.1

Action                   |  1- 3 |  4- 6 || total
-------------------------+-------+-------++-------
Melee: War axe           |    35 |       ||    35
       Headbutt          |    10 |     9 ||    19
       Great sword       |    26 |    67 ||    93
Armor: Leather armour    |    12 |       ||    12
       Ring mail         |       |    30 ||    30
Dodge: Dodged            |    57 |    47 ||   104

Table legend: (Time is in decaauts)
 A = Elapsed time spent in this place.
 B = Non-inter-level travel time spent in this place.
 C = Inter-level travel time spent in this place.
 D = Time resting spent in this place.
 E = Time spent auto-exploring this place.
 F = Levels seen in this place.
 G = Mean time per level.
                   A        B        C        D        E       F      G
               +--------+--------+--------+--------+--------+-----+--------+
         Total |   2886 |   2839 |     47 |    794 |   1263 |   3 |  962.0 |
       Dungeon |   2886 |   2839 |     47 |    794 |   1263 |   3 |  962.0 |
               +--------+--------+--------+--------+--------+-----+--------+

Top non-repeatable levels by time:
     D:2: 1602 daAuts
     D:1: 846 daAuts
     D:3: 438 daAuts
